 Dungeon Crawl Stone Soup version 0.25-a0-290-g4a1327ee3a (webtiles) character file.

Game seed: 9922814288462482652, levelgen mode: classic

101 Borgoz the Cutter (level 5, -8/32 HPs)
             Began as a Kobold Gladiator on Dec 15, 2019.
             Killed from afar by an orc wizard (11 damage)
             ... with a puff of flame
             ... on level 3 of the Dungeon.
             The game lasted 00:02:19 (2281 turns).

Borgoz the Cutter (Kobold Gladiator)                Turns: 2281, Time: 00:02:20

Health: -8/32      AC:  6    Str: 12    XL:     5   Next: 4%
Magic:  5/5        EV: 15    Int:  9    God:
Gold:   174        SH:  0    Dex: 17    Spells: 4/4 levels left

rFire    . . .     SeeInvis .   a - +0 rapier
rCold    . . .     Gourm    .   (shield restricted)
rNeg     . . .     Faith    .   j - +0 ring mail
rPois    .         Spirit   .   c - +0 helmet
rElec    .         Reflect  .   (no cloak)
rCorr    .         Harm     .   (no gloves)
MR       +....                  (no boots)
Stlth    +.........             (no amulet)
HPRegen  0.10/turn              e - ring of protection from magic
MPRegen  0.09/turn              (no ring)

@: no status effects
A: small, carnivore
a: no special abilities


You were on level 3 of the Dungeon.
You were completely stuffed.

You visited 1 branch of the dungeon, and saw 3 of its levels.

You collected 174 gold pieces.

Inventory:

Hand Weapons
 a - a +0 rapier (weapon)
Missiles
 d - 3 throwing nets (quivered)
Armour
 c - a +0 helmet (worn)
 j - a +0 ring mail (worn)
Jewellery
 e - a ring of protection from magic (left hand)
Potions
 i - a potion of flight
Comestibles
 f - 2 rations


   Skills:
 * Level 3.2 Fighting
 * Level 5.0 Short Blades
 - Level 2.1 Throwing
 + Level 0.9 Armour
 * Level 4.5 Dodging
 + Level 1.7 Stealth


You had 4 spell levels left.
You didn't know any spells.
Your spell library was empty.

Dungeon Overview and Level Annotations

Branches:
Dungeon (3/15)

Altars:


Innate Abilities, Weirdness & Mutations

You are small and have problems with some larger weapons.
You are carnivorous and can eat meat at any time.


Message History

You are too injured to fight recklessly!
You are too injured to fight recklessly!
You are too injured to fight recklessly!
You are too injured to fight recklessly!
You are too injured to fight recklessly!
Okay, then.
You aren't carrying any scrolls.
You hit something.
You hear some strange, mumbled words.
A magic dart appears from out of thin air!
The magic dart hits you.
* * * LOW HITPOINT WARNING * * *
You aren't carrying any items that you can evoke.
You hit something. Something hits you.
* * * LOW HITPOINT WARNING * * *
You hit something but do no damage.
You hear some strange, mumbled words.
A puff of flame appears from out of thin air!
The puff of flame hits you!
You die...

######.#.####.##.#.#
.........#........
.# ########...##
#.....# #..[..#
#.....# #....##
#.#### #@# #{# #o#


ggg #.# ... .8. 8_8 You could see 3 gnolls and an orc.

Vanquished Creatures
  A gnoll (D:3)
  5 adders
  A worm (D:3)
  A leopard gecko (D:3)
  4 orcs (D:3)
  2 giant cockroaches
  5 goblins
  7 hobgoblins
  A quokka (D:3)
  A ball python (D:2)
  7 bats
  2 frilled lizards
  2 kobolds
  A rat (D:2)
40 creatures vanquished.

Notes
Turn   | Place    | Note
-------+----------+-------------------------------------------
     0 | D:1      | Borgoz the Kobold Gladiator began the quest for the Orb.
     0 | D:1      | Reached XP level 1. HP: 12/12 MP: 1/1
   270 | D:1      | Reached XP level 2. HP: 17/18 MP: 2/2
   713 | D:2      | Reached XP level 3. HP: 22/22 MP: 3/3
   855 | D:2      | Reached skill level 1 in Stealth
  1383 | D:3      | Reached XP level 4. HP: 15/28 MP: 4/4
  1416 | D:3      | HP: 1/28 [poisoned by an adder]
  2229 | D:3      | Found a faded altar of an unknown god.
  2250 | D:3      | Reached skill level 5 in Short Blades
  2250 | D:3      | Reached XP level 5. HP: 30/32 MP: 5/5
  2281 | D:3      | Killed from afar by an orc wizard

Levels and vault maps discovered:
D:1:      erik_arrival_triangle_small, layout_loops_ring, serial_glass,
          glass_columns_a, glass_columns_a, feat_on_display, minmay_crystal_room
D:2:      layout_loops_cross, first_ration
D:3:      layout_loops_cross, chequers_ecumenical_altar_simple

Skill      XL: |  1  2  3  4 |
---------------+-------------+-----
Dodging        | 4 |  4.5
Stealth        | 1 |  1.7
Fighting       | 3 |  3.2
Short Blades   | 5 |  5.0
Throwing       | |  2.1
Armour         | |  0.9

Action                   |  1- 3 |  4- 6 || total
-------------------------+-------+-------++-------
Melee: Rapier            |    98 |    83 ||   181
  Use: Potion            |     2 |     3 ||     5
       Scroll            |     2 |       ||     2
 Stab: Sleeping          |     4 |       ||     4
  Eat: Chunk             |    10 |     3 ||    13
Armor: Leather armour    |    13 |    15 ||    28
       Ring mail         |       |     5 ||     5
Dodge: Dodged            |    65 |    63 ||   128

Table legend:
 A = Non-vault XP
 B = Vault XP
 C = Vault XP percentage of total XP
 D = Non-vault monster count
 E = Vault monster count
 F = Vault count percentage of total count
                 A         B        C        D         E       F
            +---------+---------+-------+---------+---------+-------
      Total |     145 |       0 |   0.0 |      40 |       0 |   0.0
            +---------+---------+-------+---------+---------+-------
        D:1 |      27 |       0 |   0.0 |      15 |       0 |   0.0
        D:2 |      24 |       0 |   0.0 |       9 |       0 |   0.0
        D:3 |      94 |       0 |   0.0 |      16 |       0 |   0.0
            +---------+---------+-------+---------+---------+-------
